 Dungeon Crawl Stone Soup version 0.31-a0-210-gccc998df9b (webtiles) character file.

Game seed: 3127754808100357534

518 qw the Chopper (level 7, -5/44 HPs)
             Began as a Gargoyle Fighter on June 30, 2023.
             Slain by an ogre
             ... wielding a +0 giant club
              (22 damage)
             ... on level 5 of the Dungeon.
             The game lasted 00:01:52 (3199 turns).

qw the Chopper (Gargoyle Fighter)                   Turns: 3199, Time: 00:01:53

Health: -5/44      AC: 16    Str: 22    XL:     7   Next: 21%
Magic:  7/7        EV:  8    Int:  8    God:
Gold:   173        SH:  4    Dex:  9    Spells: 6/6 levels left

rFire   . . .        Y - +1 war axe
rCold   . . .        c - +0 buckler
rNeg    + . .        f - +0 chain mail
rPois   inf          l - +0 helmet
rElec   +            (no cloak)
rCorr   .            (no gloves)
SInv    .            i - +0 pair of boots
Will    +....        (no amulet) Stlth
                     k - ring of willpower
HPRegen 0.27/turn    (no ring)
MPRegen 0.10/turn

%: no passive effects
@: no status effects
A: sickness immunity, AC +4, negative energy resistance 1, electricity
resistance, torment resistance 1, petrification resistance
a: no special abilities


You were on level 5 of the Dungeon.
You visited 1 branch of the dungeon, and saw 5 of its levels.

You collected 231 gold pieces.
You spent 58 gold pieces at shops.


Innate Abilities, Weirdness & Mutations

You are immune to sickness and miasma.
Your stone body is resilient. (AC +4)
You are immune to poison.
You resist negative energy. (rN+)
You are resistant to electric shocks. (rElec)
You are resistant to unholy torment.
You are immune to petrification.


   Skills:
 - Level 4.5 Fighting
 + Level 6.2 Axes
 - Level 3.2 Armour
 - Level 1.1 Dodging
 - Level 3.2 Shields


You had 6 spell levels left.
You didn't know any spells.
Your spell library was empty.

Inventory:

Hand Weapons
 a - a +0 flail
 Y - a +1 war axe (weapon)
Armour
 c - a +0 buckler (worn)
 f - a +0 chain mail (worn)
 i - a +0 pair of boots (worn)
 l - a +0 helmet (worn)
Jewellery
 k - a ring of willpower (left hand)
Scrolls
 e - 3 scrolls of teleportation
 h - a scroll of identify
Potions
 b - a potion of heal wounds
 d - a potion of might
 g - a potion of curing
 j - a potion of enlightenment
 m - a potion of haste

Dungeon Overview and Level Annotations

Branches:
Dungeon (5/15)
 Temple: D:4-7

Altars:

Shops:
D:3 [


Message History

The orc priest hits you but does no damage.
The orc priest misses you.
You barely miss the orc priest.
The orc priest is almost dead.
The orc priest hits you but does no damage.
You hit the orc priest.
You kill the orc priest!
You start resting.
HP restored.
Done exploring.
(D) Dungeon
Where to? (* - list waypoints, Enter - D:5, ? - help)
What level of the Dungeon? (default 1, ? - help)
You climb downwards.
There is a stone staircase leading up here.
You open the door.
An ogre and an ufetubus come into view.
The ufetubus shouts!
Found a scimitar and a scroll labelled YKEAKH WOLUUN.
You barely miss the ogre. The ogre barely misses you.
You slash the ogre!
The ogre is heavily wounded.
The ogre barely misses you.
You slash the ogre!
The ogre is almost dead.
The ogre hits you with a +0 giant club!
You hit the ogre.
The ogre is almost dead.
You block the ogre's attack.
You barely miss the ogre.
The ogre is almost dead.
The ogre hits you with a +0 giant club!
You closely miss the ogre.
The ogre is almost dead.
You barely miss the ogre.
The ogre is almost dead.
The ogre hits you with a +0 giant club!!
Ouch! That really hurt!
You die...

###########
.........#
........#
.......+
......#+## #####
#.........
......#)))......
.....5O@=.......
......#[<.......
..?). #.(.......
.... #########.
###


You could see an ogre and an ufetubus.

Vanquished Creatures
  A sky beast (D:3)
  A phantom (D:4)
  2 scorpions (D:4)
  An orc priest (D:4)
  6 gnolls
  6 adders
  A worm (D:1)
  4 dart slugs
  7 orcs
  2 ball pythons
  11 endoplasms
  3 goblins
  5 hobgoblins
  4 jackals (D:3)
  3 quokkas
  6 bats
  3 frilled lizards
  10 kobolds
  4 rats
80 creatures vanquished.

Notes
Turn   | Place    | Note
-------+----------+-------------------------------------------
     0 | D:1      | qw the Gargoyle Fighter began the quest for the Orb.
     0 | D:1      | Reached XP level 1. HP: 14/14 MP: 1/1
     0 | D:1      | 0 ||| qw: Version: 0.3-a-24-ga2abf7b
     0 | D:1      | 0 ||| qw: Game counter: 7135
     0 | D:1      | 0 ||| qw: Melee chars always use a shield: true
     0 | D:1      | 0 ||| qw: God list: Okawaru
     0 | D:1      | 0 ||| qw: Allow faded altars: false
     0 | D:1      | 0 ||| qw: Do Orc after clearing Dungeon:15 true
     0 | D:1      | 0 ||| qw: Do second Lair branch before Depths: true
     0 | D:1      | 0 ||| qw: Lair rune preference: random
     0 | D:1      | 0 ||| qw: Goals: Normal, Zot:1-4, Slime:5, God:TSO, Crypt,
                  | Tomb, Abyss, Pan, Hells, Win
     0 | D:1      | 0 ||| PLANNING D:1-11
    53 | D:1      | Reached skill level 2 in Axes
   145 | D:1      | Reached XP level 2. HP: 19/19 MP: 2/2
   154 | D:1      | 154 ||| Stepping ~*~*~tactically~*~*~ (hiding).
   155 | D:1      | 155 ||| Stepping ~*~*~tactically~*~*~ (stealth).
   158 | D:1      | 158 ||| Stepping ~*~*~tactically~*~*~ (hiding).
   516 | D:1      | 516 ||| DROPPING +0 club.
   694 | D:1      | 694 ||| READING scroll labelled UTSOIP XU JOJ.
   698 | D:1      | 698 ||| READING scroll labelled ENOGIC DET WANG.
   699 | D:1      | 699 ||| READING 2 scrolls labelled PEMEJIF YXOTUR.
   700 | D:1      | 700 ||| READING 2 scrolls labelled REABUC IRCH.
   701 | D:1      | 701 ||| DROPPING scroll of poison.
   775 | D:2      | Reached skill level 3 in Axes
   775 | D:2      | 775 ||| FLEEEEING.
   776 | D:2      | 776 ||| FLEEEEING.
   777 | D:2      | 777 ||| FLEEEEING.
   778 | D:2      | 778 ||| FLEEEEING.
   779 | D:2      | 779 ||| FLEEEEING.
   780 | D:2      | 780 ||| STAIRDANCE
   786 | D:1      | 786 ||| READING scroll labelled ROIWYI WUAJOTS.
   789 | D:2      | 789 ||| STAIRDANCE
   793 | D:1      | Reached XP level 3. HP: 9/23 MP: 3/3
   852 | D:1      | 852 ||| DROPPING +0 mace.
   860 | D:2      | 860 ||| STAIRDANCE
   970 | D:2      | 970 ||| Stepping ~*~*~tactically~*~*~ (hiding).
  1270 | D:2      | Reached XP level 4. HP: 28/28 MP: 4/4
  1422 | D:2      | 1422 ||| UPGRADING to +0 chain mail.
  1432 | D:2      | 1432 ||| DROPPING +0 scale mail.
  1433 | D:2      | 1433 ||| READING scroll labelled YPHETO TAAZU.
  1562 | D:3      | Reached skill level 4 in Axes
  1597 | D:3      | Found Xowuik's Armour Shoppe.
  1600 | D:3      | 1600 ||| BUYING +0 pair of boots (58 gold).
  1600 | D:3      | Bought a +0 pair of boots for 58 gold pieces
  1600 | D:3      | 1600 ||| SHOPLISTING +1 buckler of reflection (175 gold,
                  | have 91).
  1654 | D:3      | Noticed a sky beast
  1672 | D:3      | Killed a sky beast
  1673 | D:3      | Reached skill level 5 in Axes
  1673 | D:3      | Reached XP level 5. HP: 32/32 MP: 5/5
  1708 | D:3      | 1708 ||| Stepping ~*~*~tactically~*~*~ (stealth).
  1709 | D:3      | 1709 ||| Stepping ~*~*~tactically~*~*~ (stealth).
  1712 | D:3      | 1712 ||| Stepping ~*~*~tactically~*~*~ (stealth).
  1718 | D:3      | 1718 ||| Stepping ~*~*~tactically~*~*~ (stealth).
  1719 | D:3      | 1719 ||| Stepping ~*~*~tactically~*~*~ (stealth).
  2011 | D:3      | 2011 ||| UPGRADING to +0 pair of boots.
  2016 | D:3      | 2016 ||| DRINKING 2 glowing red potions.
  2017 | D:3      | 2017 ||| DRINKING 2 viscous golden potions.
  2018 | D:3      | 2018 ||| READING 3 scrolls of identify.
  2018 | D:3      | 2018 ||| IDENTIFYING puce potion
  2019 | D:3      | 2019 ||| DROPPING potion of brilliance.
  2090 | D:4      | 2090 ||| Stepping ~*~*~tactically~*~*~ (stealth).
  2097 | D:4      | 2097 ||| Stepping ~*~*~tactically~*~*~ (stealth).
  2098 | D:4      | 2098 ||| Stepping ~*~*~tactically~*~*~ (stealth).
  2105 | D:4      | Reached XP level 6. HP: 29/39 MP: 6/6
  2367 | D:4      | 2367 ||| Stepping ~*~*~tactically~*~*~ (stealth).
  2625 | D:4      | 2625 ||| Stepping ~*~*~tactically~*~*~ (hiding).
  2626 | D:4      | 2626 ||| Stepping ~*~*~tactically~*~*~ (hiding).
  2628 | D:4      | 2628 ||| Stepping ~*~*~tactically~*~*~ (hiding).
  2629 | D:4      | 2629 ||| Stepping ~*~*~tactically~*~*~ (hiding).
  2673 | D:4      | 2673 ||| Stepping ~*~*~tactically~*~*~ (stealth).
  2689 | D:4      | Reached skill level 6 in Axes
  2765 | D:4      | Reached XP level 7. HP: 44/44 MP: 7/7
  2978 | D:4      | 2978 ||| UPGRADING to +0 helmet.
  2983 | D:4      | 2983 ||| UPGRADING to ring of willpower.
  2984 | D:4      | 2984 ||| READING 3 scrolls of identify.
  2984 | D:4      | 2984 ||| IDENTIFYING blue potion
  2985 | D:4      | 2985 ||| READING 2 scrolls of identify.
  2985 | D:4      | 2985 ||| IDENTIFYING metallic clear potion
  3001 | D:5      | Entered Level 5 of the Dungeon
  3004 | D:5      | Reached skill level 1 in Dodging
  3037 | D:5      | 3037 ||| FLEEEEING.
  3038 | D:5      | 3038 ||| STAIRDANCE
  3105 | D:5      | 3105 ||| STAIRDANCE
  3199 | D:5      | Slain by an ogre

Levels and vault maps discovered:
D:1:      lemuel_arrival_rhombus, layout_loops_ring
D:2:      layout_rooms
D:3:      minmay_spotlight, layout_rooms, serial_corexii_hall,
          corexii_hall_statues_u, corexii_hall_statues_i, serial_shops,
          nicolae_shop_behind_doors
D:4:      layout_basic, minmay_misc_feat_chi
D:5:      layout_gridville, minmay_temple_entry_steel_oval,
          kennysheep_minor_cross, dk_rats_in_the_wall

Skill      XL: |  1  2  3  4  5  6  7 |
---------------+----------------------+-----
Axes           | 2 3 5 6 |  6.2
Fighting       | 4 |  4.5
Dodging        | 1 |  1.1
Armour         | |  3.2
Shields        | |  3.2

Action                     |  1- 3 |  4- 6 |  7- 9 || total
---------------------------+-------+-------+-------++-------
  Melee: War axe           |   122 |   117 |    67 ||   306
    Use: Scroll            |     5 |     2 |     2 ||     9
         Potion            |       |     2 |       ||     2
 Armour: Scale mail        |    71 |    16 |       ||    87
         Chain mail        |       |    59 |    30 ||    89
  Dodge: Dodged            |    51 |    47 |    25 ||   123
  Block: Buckler           |    16 |    20 |    11 ||    47

Table legend:
 A = Non-vault XP
 B = Vault XP
 C = Vault XP percentage of total XP
 D = Non-vault monster count
 E = Vault monster count
 F = Vault count percentage of total count
                 A         B        C        D         E       F
            +---------+---------+-------+---------+---------+-------
      Total |     606 |     134 |  18.1 |      76 |       4 |   5.0
            +---------+---------+-------+---------+---------+-------
        D:1 |      33 |       0 |   0.0 |      17 |       0 |   0.0
        D:2 |      60 |       0 |   0.0 |      20 |       0 |   0.0
        D:3 |      46 |     134 |  74.4 |      14 |       4 |  22.2
        D:4 |     416 |       0 |   0.0 |      19 |       0 |   0.0
        D:5 |      51 |       0 |   0.0 |       6 |       0 |   0.0
            +---------+---------+-------+---------+---------+-------
